 Dungeon Crawl Stone Soup version 0.29.1-15-g9cfb28693d (webtiles) character file.

Game seed: 1045167686949643079

134 protoss039 the Digger (level 4, -2/33 HPs)
             Began as a Demonspawn Earth Elementalist on Mar 21, 2023.
             Killed by divine providence
             ... invoked by an orc priest
              (11 damage)
             ... on level 4 of the Dungeon.
             The game lasted 00:04:36 (3634 turns).

protoss039 the Digger (DsEE)                        Turns: 3634, Time: 00:04:37

Health: -2/33      AC:  3    Str:  8    XL:     4   Next: 95%
Magic:  8/8        EV: 12    Int: 18    God:
Gold:   104        SH:  0    Dex: 14    Spells: 2/8 levels left

rFire   . . .      SeeInvis .   c - +0 dagger (drain)
rCold   . . .      Faith    .   (no shield)
rNeg    . . .      Spirit   .   a - +0 robe
rPois   .          Reflect  .   (no helmet)
rElec   .          Harm     .   e - +0 cloak
rCorr   .          Rampage  .   (no gloves)
Will    +....                   (no boots)
Stlth   ++........              (no amulet)
HPRegen 0.11/turn               h - ring of willpower
MPRegen 0.11/turn               (no ring)

@: no status effects
A: powered by death 1, powered by pain 1
a: no special abilities


You were on level 4 of the Dungeon.
You visited 1 branch of the dungeon, and saw 4 of its levels.

You collected 104 gold pieces.

Inventory:

Hand Weapons
 c - a +0 dagger of draining (weapon)
Armour
 a - a +0 robe (worn)
 e - a +0 cloak (worn)
Jewellery
 h - a ring of willpower (left hand)
Scrolls
 b - a scroll of teleportation {unknown}
 d - 2 scrolls of fear
 j - a scroll of identify {unknown}
Potions
 f - 3 potions of berserk rage {unknown}
 g - a potion of mutation {unknown}
 i - a potion of might {unknown}
 k - a potion of curing {unknown}
 l - a potion of resistance {unknown}
 m - a potion of haste {unknown}


   Skills:
 + Level 2.1 Fighting
 * Level 1.4 Armour
 - Level 1.7 Dodging
 - Level 1.7 Stealth
 + Level 2.8 Spellcasting
 + Level 1.1 Conjurations
 - Level 0.8 Transmutations
 + Level 3.5 Earth Magic


You had 2 spell levels left.
You knew the following spells:

 Your Spells              Type           Power      Damage    Failure   Level
a - Sandblast             Erth           30%        2d9       4%          1
b - Passwall              Tmut/Erth      8%         N/A       11%         2
c - Stone Arrow           Conj/Erth      20%        3d8       19%         3

Your spell library contained the following spells:

 Spells                   Type           Power      Damage    Failure   Level
 Foxfire                  Conj/Fire      16%        2x1d4     13%         1
 Necrotise                Necr           8%         1d4       17%         1
 Conjure Flame            Conj/Fire      4%         6-21      36%         3
 Inner Flame              Hex/Fire       2%         N/A       45%         3
 Ozocubu's Armour         Ice            2%         N/A       45%         3
 Vampiric Draining        Necr           2%         2d6       45%         3
 Petrify                  Tmut/Erth      10%        N/A       56%         4
 Flame Wave               Conj/Fire      4%         2d5       78%         4
 Agony                    Necr           2%         N/A       99%         5
 Ozocubu's Refrigeration  Ice            1%         4d7       100%        7


Dungeon Overview and Level Annotations

Branches:
Dungeon (4/15) Zot: 20319
 Temple: D:4-7

Altars:
Makhleb

Annotations:
D:1 1 runed translucent door


Innate Abilities, Weirdness & Mutations

You regenerate a little health from kills.
You sometimes gain a little power by taking damage.


Message History

Beogh smites you!
There are monsters nearby!
Found a stone staircase leading down.
The orc barely misses you. The orc hits you with a +0 mace.
There are monsters nearby!
You hit the orc but do no damage. You drain the orc.
The orc is heavily wounded.
The orc hits you but does no damage. The orc closely misses you.
There are monsters nearby!
You hit the orc but do no damage.
The orc is heavily wounded.
The orc barely misses you.
There are monsters nearby!
You hit the orc.
The orc is severely wounded.
The orc hits you but does no damage. The orc barely misses you.
Casting: Sandblast (safe; 4% risk of failure)
Confirm with . or Enter, or press ? or * to list all spells.
Aiming: Sandblast (safe; 4% risk of failure)
Press: ? - help, Shift-Dir - straight line, f - orc priest
Aim: an orc priest, wielding a +0 trident (82% to hit)
The blast of sand hits the orc priest.
The orc priest is moderately wounded.
The orc hits you but does no damage.
The orc priest mumbles some strange prayers to Beogh against you.
You resist with some effort.
The orc hits you from afar with a +0 trident!
You focus on the pain.
You feel your power returning.
Unknown command.
A giant cockroach comes into view.
Unknown command.
The orc attacks as you move away! The orc hits you with a +0 mace.
* * * LOW HITPOINT WARNING * * *
Unknown command.
There is an open door here.
The orc attacks as you move away! The orc completely misses you.
A gnoll comes into view. It is wielding a +1 spear of venom.
The orc priest calls down the wrath of Beogh upon you.
Beogh smites you!
You die...

......†.†...#...#.#
.......#.#.#......#
....##..<#.#..######
##. #.........g....#
. #.....)....###.#
#........)...#.#
##+###.......).#
##+###+#.......#
........###@...#
..........o.B..#
......>oo##....#
.........##....#
.........##....#
.........##....#
.........#######
.........#
.####.....


You could see an orc priest, a gnoll (wandering), 2 orcs and a giant cockroach.

Vanquished Creatures
  5 adders
  A worm (D:2)
  2 dart slugs (D:3)
  An orc (D:4)
  4 ball pythons
  6 bats
  4 endoplasms (D:1)
  12 giant cockroaches
  13 goblins
  9 hobgoblins
  5 kobolds
  2 quokkas
  3 frilled lizards
  5 rats
72 creatures vanquished.

Vanquished Creatures (others)
  A plant (D:3)
1 creature vanquished.

Grand Total: 73 creatures vanquished

Notes
Turn   | Place    | Note
-------+----------+-------------------------------------------
     0 | D:1      | protoss039 the Demonspawn Earth Elementalist began the
                  | quest for the Orb.
     0 | D:1      | Reached XP level 1. HP: 13/13 MP: 3/3
     1 | D:1      | Found a runed translucent door.
   117 | D:1      | Found a faded altar of an unknown god.
   178 | D:1      | Gained mutation: You regenerate a little health from kills.
                  | [demonic ancestry]
   178 | D:1      | Reached XP level 2. HP: 3/20 MP: 1/5
   414 | D:1      | Reached skill level 1 in Fighting
   439 | D:1      | Reached skill level 3 in Earth Magic
   585 | D:1      | Learned a level 2 spell: Passwall
   879 | D:1      | Reached XP level 3. HP: 26/26 MP: 4/6
  1381 | D:1      | Learned a level 3 spell: Stone Arrow
  2128 | D:2      | Gained mutation: You sometimes gain a little power by
                  | taking damage. [demonic ancestry]
  2128 | D:2      | Reached XP level 4. HP: 31/33 MP: 1/7
  2149 | D:2      | Reached skill level 1 in Armour
  3033 | D:3      | Reached skill level 1 in Conjurations
  3390 | D:3      | Found a burning altar of Makhleb.
  3634 | D:4      | Killed from afar by an orc priest

Illustrated notes

Levels and vault maps discovered:
D:1:      dpeg_arrival_caged_fury, layout_loops_ring,
          ebering_ecumenical_altar_rust, st_stairs_13
D:2:      minmay_roachtagon, layout_basic, nicolae_kite_square_tiling_tiny,
          minmay_strange_pillars
D:3:      layout_basic, old_standard_altar, general_overflow_altar,
          serial_forest, infiniplex_forest_corner_1,
          infiniplex_forest_lined_corner, infiniplex_forest_diagonal,
          infiniplex_forest_straight_2, infiniplex_forest_end_1,
          infiniplex_forest_end_1, infiniplex_forest_clump_diagonal,
          minmay_misc_feat_secret_circle, kennysheep_generic_room_8
D:4:      cheibrodos_pilgrimage, layout_basic, mainiacjoe_overflow_alcove_1

Skill      XL: |  1  2  3  4 |
---------------+-------------+-----
Fighting       | 1 2 |  2.1
Earth Magic    | 3 |  3.5
Armour         | 1 |  1.4
Conjurations   | 1 |  1.1
Dodging        | |  1.7
Stealth        | |  1.7
Spellcasting   | |  2.8
Transmutations | |  0.8

Action                   |  1- 3 |  4- 6 || total
-------------------------+-------+-------++-------
Melee: Unarmed           |     7 |       ||     7
       Dagger            |    17 |    49 ||    66
       Rapier            |       |     4 ||     4
 Cast: Sandblast         |    67 |    28 ||    95
  Use: Potion            |     2 |       ||     2
       Scroll            |       |     1 ||     1
 Stab: Distracted        |       |     1 ||     1
Armor: Robe              |    18 |    16 ||    34
Dodge: Dodged            |    84 |    37 ||   121
